 Dungeon Crawl Stone Soup version 0.18-a0-1-gfac8111 (webtiles) character file.

15 Duffy the Sneak (level 2, 21/22 HPs)
             Began as a Naga Enchanter on Oct 30, 2015.
             Quit the game on level 1 of the Dungeon.
             The game lasted 00:01:23 (403 turns).

Duffy the Sneak (Naga Enchanter)                     Turns: 403, Time: 00:01:23

Health: 21/22      AC:  2    Str: 10    XL:     2   Next: 50%
Magic:  5/5        EV: 10    Int: 15    God:
Gold:   50         SH:  0    Dex: 11    Spells: 2 memorised, 2 levels left

rFire  . . .     SeeInvis +     a - +1 dagger
rCold  . . .     Clarity  .     b - +1 robe
rNeg   . . .     SustAt   .     (no shield)
rPois  +         Gourm    .     (no helmet)
rElec  .         Spirit   .     (no cloak)
rCorr  .         Warding  .     (no gloves)
rMut   .         Stasis   .     (no barding)
MR     .....                    (no amulet)
Stlth  ++........               (no ring)
                                k - ring of loudness (curse)

@: very slow, not resistant to hostile enchantments, unstealthy
A: see invisible, deformed body, poison resistance, slowness 2, slow metabolism
1, spit poison 2, AC +0
a: Spit Poison


You were on level 1 of the Dungeon.
You were not hungry.

You visited 1 branch of the dungeon, and saw 2 of its levels.

You collected 50 gold pieces.


Innate Abilities, Weirdness & Mutations

You cannot wear boots.
Your serpentine skin is tough (AC +0).
You have supernaturally acute eyesight.
Armour fits poorly on your strangely shaped body.
Your system is resistant to poisons.
You cover ground very slowly.
You have a slow metabolism.
You can spit poison.


   Skills:
 + Level 1.9 Short Blades
 - Level 1.5 Dodging
 - Level 5.0 Stealth
 - Level 2.0 Spellcasting
 - Level 3.0 Hexes


You had 2 spell levels left.
You knew the following spells:

 Your Spells              Type           Power        Failure   Level  Hunger
a - Ensorcelled Hibernat  Hex/Ice        #.....       17%         2    ###....
r - Corona                Hex            ##.....      8%          1    #......

Inventory:

Hand Weapons
 a - a +1 dagger (weapon)
Missiles
 f - a throwing net
 j - 4 javelins (quivered)
Armour
 b - a +1 robe (worn)
Jewellery
 k - a cursed ring of loudness (left hand)
Scrolls
 e - a scroll of identify
Potions
 g - a potion of poison {unknown}
 h - 2 potions of brilliance
 i - 2 potions of curing {unknown}
Books
 c - a book of Maledictions
Comestibles
 d - a bread ration

Dungeon Overview and Level Annotations

Branches:
Dungeon (2/15)

Altars:

Annotations:
D:2 Terence


Message History

You kill the kobold!
The bat barely misses you. The bat barely misses you.
You have got your breath back.
The bat hits you. The bat hits you but does no damage.
You barely miss the bat. The bat hits you but does no damage.
The bat hits you but does no damage. The bat hits you.
The bat closely misses you. The bat closely misses you.
The bat barely misses you. The bat closely misses you.
The bat hits you but does no damage.
You hit the bat but do no damage. The bat hits you but does no damage.
The bat closely misses you. The bat closely misses you.
You barely miss the bat. The bat closely misses you. The bat barely misses you.
You hit the bat.
You kill the bat!
No target in view!
No target in view!
No target in view!
No target in view!
No target in view!
No target in view!
No target in view!
No target in view!
No target in view!
No target in view!
No target in view!
No target in view!
No target in view!
No target in view!
No target in view!
No target in view!
No target in view!
Are you sure you want to abandon this character and quit the game? (Confirm with "yes".)

>... ########## ...#
##........####..# .
#..........#....# .
#..........#.##.# .
#..........#.##.# #
#............##.########
#..........#..........##
#......@.....###.####...
#.........).## #........
##.........## ##.......
########..# #.......
#...# #....... ##...#
#.[..... ..............
.....##.......
#....##.......


There were no monsters in sight!

Action                   || total
-------------------------++-------
Melee: Dagger            ||    19
 Abil: Spit Poison       ||    13
  Use: Scroll            ||     1
 Stab: Sleeping          ||     2

Notes
Turn   | Place    | Note
--------------------------------------------------------------
     0 | D:1      | Duffy the Naga Enchanter began the quest for the Orb.
     0 | D:1      | Reached XP level 1. HP: 15/15 MP: 3/3
    59 | D:2      | Noticed Terence
    90 | D:2      | Reached XP level 2. HP: 22/22 MP: 5/5
    94 | D:2      | Learned a level 2 spell: Ensorcelled Hibernation
   148 | D:1      | Reached skill level 5 in Stealth
   403 | D:1      | Quit the game

Vault maps used:
D:1:      dpeg_arrival_refuge
D:2:      first_bread, cheibriados_altar_1, uniq_terence,
          uniq_crazy_yiuf_cottage

Vanquished Creatures
  2 bats
  2 goblins
  3 hobgoblins
  3 jackals
  A kobold
  2 rats
13 creatures vanquished.
